 Dungeon Crawl Stone Soup version 0.29-a0-676-ga64570c9d2 (webtiles) character file.

Game seed: 13271077349716160978

468 testman the Archer (level 7, 0/56 HPs)
             Began as a Gnoll Wanderer on June 24, 2022.
             Was a Believer of Dithmenos.
             Slain by a killer bee (5 damage)
             ... on level 8 of the Dungeon.
             The game lasted 00:12:46 (3399 turns).

testman the Archer (Gnoll Wanderer)                 Turns: 3399, Time: 00:12:47

Health: 0/56       AC:  8    Str: 13    XL:     7   Next: 8%
Magic:  6/12       EV: 11    Int: 12    God:    Dithmenos [**....]
Gold:   133        SH:  0    Dex: 11    Spells: 12/13 levels left

rFire   + + .      SeeInvis .   m - +1 whip (freeze)
rCold   + + .      Faith    .   (no shield)
rNeg    . . .      Spirit   .   e - +0 leather armour
rPois   +          Reflect  .   A - +2 helmet of Nemelex Xobeh, Growing {rC+}
rElec   +          Harm     .   (no cloak)
rCorr   +          Rampage  .   p - +1 pair of gloves
Will    +....                   (no boots)
Stlth   ++........              (no amulet)
HPRegen 0.18/turn               v - ring of protection from fire
MPRegen 0.13/turn               w - ring of willpower

@: mighty, resistant, wreathed by umbra
A: fangs 1, strong nose, distributed training
a: Renounce Religion, Shadow Step


You were on level 8 of the Dungeon.
You worshipped Dithmenos.
Dithmenos was pleased with you.
You visited 1 branch of the dungeon, and saw 6 of its levels.

You collected 323 gold pieces.
You spent 190 gold pieces at shops.

Inventory:

Hand Weapons
 a - a +2 shortbow
 c - a +0 dagger
 m - a +1 whip of freezing (weapon)
Missiles
 b - 6 poisoned darts (quivered)
Armour
 e - a +0 leather armour (worn)
 p - a +1 pair of gloves (worn)
 A - the +2 helmet of Nemelex Xobeh, Growing (worn) {rC+}
   (You bought it in a shop on level 1 of the Dungeon)

   rC:        It protects you from cold.
 C - a +0 pair of boots
Magical Staves
 u - a staff of fire
Jewellery
 v - a ring of protection from fire (left hand)
 w - a ring of willpower (right hand)
Wands
 D - a wand of iceblast (6)
Scrolls
 f - 2 scrolls of noise {unknown}
 g - 2 scrolls of vulnerability {unknown}
 h - a scroll of amnesia {unknown}
 k - a scroll of blinking {unknown}
 n - 4 scrolls of identify {unknown}
 r - a scroll of fog {unknown}
 s - 2 scrolls of poison {unknown}
 t - a scroll of silence {unknown}
 y - a scroll of acquirement {unknown}
 z - 2 scrolls of fear {unknown}
 B - a scroll of enchant weapon {unknown}
Potions
 d - 5 potions of curing
 i - a potion of might
 j - a potion of attraction {unknown}
 o - a potion of invisibility {unknown}
 q - a potion of haste {unknown}
 x - 2 potions of resistance


   Skills:
 + Level 5.1 Fighting
 + Level 2.2 Short Blades
 + Level 2.2 Long Blades
 + Level 2.2 Axes
 + Level 2.2 Maces & Flails
 + Level 2.2 Polearms
 + Level 2.2 Staves
 + Level 2.2 Slings
 + Level 8.8 Bows
 + Level 2.2 Crossbows
 + Level 5.1 Throwing
 + Level 2.2 Armour
 + Level 2.2 Dodging
 + Level 2.2 Stealth
 + Level 2.2 Shields
 + Level 2.2 Unarmed Combat
 + Level 3.6 Spellcasting
 + Level 1.8 Conjurations
 + Level 1.8 Hexes
 + Level 1.8 Summonings
 + Level 1.8 Necromancy
 + Level 1.8 Translocations
 + Level 1.8 Transmutations
 + Level 1.8 Fire Magic
 + Level 2.8 Ice Magic
 + Level 1.8 Air Magic
 + Level 1.8 Earth Magic
 + Level 1.8 Poison Magic
 + Level 2.5 Invocations
 + Level 2.2 Evocations


You had 12 spell levels left.
You knew the following spells:

 Your Spells              Type           Power      Damage    Failure   Level
a - Freeze                Ice            36%        1d6       9%          1

Your spell library contained the following spells:

 Spells                   Type           Power      Damage    Failure   Level
 Blink                    Tloc           12%        N/A       21%         2
 Sublimation of Blood     Necr           6%         N/A       21%         2
 Frozen Ramparts          Ice            18%        1d3       26%         3
 Gell's Gravitas          Tloc           6%         N/A       38%         3
 Lesser Beckoning         Tloc           6%         N/A       38%         3
 Portal Projectile        Hex/Tloc       12%        N/A       38%         3
 Teleport Other           Tloc           6%         N/A       38%         3
 Tukima's Dance           Hex            6%         N/A       38%         3
 Petrify                  Tmut/Erth      6%         N/A       80%         4
 Blade Hands              Tmut           3%         N/A       98%         5
 Irradiate                Conj/Tmut      3%         3d14      98%         5
 Manifold Assault         Tloc           6%         N/A       98%         5


Dungeon Overview and Level Annotations

Branches:
Dungeon (5/15)
 Temple: D:4-7

Altars:
Dithmenos
Ru

Shops:
D:1 [


Innate Abilities, Weirdness & Mutations

You have very sharp teeth.
Your uncanny sense of smell can sniff out nearby items.
Your experience applies equally to all skills.


Message History

Aiming: Freeze (safe; 9% risk of failure)
Press: ? - help, Shift-Dir - straight line, f - killer bee
Aim: a killer bee (umbra)
You freeze the killer bee.
The killer bee is lightly wounded.
A killer bee comes into view.
The killer bee closely misses you. The killer bee stings you!
Casting: Freeze (safe; 9% risk of failure)
Confirm with . or Enter, or press ? or * to list all spells.
Aiming: Freeze (safe; 9% risk of failure)
Press: ? - help, Shift-Dir - straight line, f/p - killer bee
Aim: a killer bee (lightly wounded, umbra)
You freeze the killer bee.
The killer bee is heavily wounded.
The killer bee buzzes angrily.
The killer bee stings you.
* * * LOW HITPOINT WARNING * * *
The killer bee closely misses you.
It was a potion of might.
You feel very mighty all of a sudden. The killer bee completely misses you.
A killer bee comes into view.
The killer bee closely misses you.
Casting: Freeze (safe; 9% risk of failure)
Confirm with . or Enter, or press ? or * to list all spells.
Aiming: Freeze (safe; 9% risk of failure)
Press: ? - help, Shift-Dir - straight line, f/p - killer bee
Aim: a killer bee (heavily wounded, umbra)
You freeze the killer bee.
The killer bee is almost dead.
The killer bee stings you.
* * * LOW HITPOINT WARNING * * *
The killer bee closely misses you.
The killer bee stings you but does no damage.
It was a potion of resistance.
You feel protected. The killer bee stings you.
* * * LOW HITPOINT WARNING * * *
The killer bee closely misses you. The killer bee stings you.
You die...

..###########
#######
..###.....##
......y....#
.....yy@...#
...........#
############


You could see 3 killer bees.

Vanquished Creatures
  Sigmund (D:2)
  A killer bee (D:8)
  A hound (D:4)
  A gnoll shaman (D:4)
  An orc priest (D:3)
  An orc wizard (D:3)
  3 adders
  5 gnolls
  An ufetubus (D:4)
  A worm (D:4)
  2 dart slugs (D:1)
  4 orcs
  3 endoplasms
  A giant cockroach (D:1)
  6 goblins
  3 hobgoblins
  7 jackals
  2 quokkas (D:3)
  10 ball pythons
  8 bats
  5 frilled lizards
  7 kobolds
  4 rats
78 creatures vanquished.

Vanquished Creatures (others)
  A fungus (D:8)
  A plant (D:8)
2 creatures vanquished.

Grand Total: 80 creatures vanquished

Notes
Turn   | Place    | Note
-------+----------+-------------------------------------------
     0 | D:1      | testman the Gnoll Wanderer began the quest for the Orb.
     0 | D:1      | testman set off with the following items: a +2 shortbow, 7
                  | poisoned darts, a +0 dagger, a potion of curing, a +0
                  | leather armour; and the following spell memorised: Freeze;
                  | and the following spells available to memorise: Frozen
                  | Ramparts.
     0 | D:1      | Reached XP level 1. HP: 20/20 MP: 4/4
    54 | D:1      | Found Sijam's Antique Armour Emporium.
   174 | D:1      | Reached XP level 2. HP: 26/26 MP: 5/5
   399 | D:1      | Reached XP level 3. HP: 31/31 MP: 7/7
   859 | D:2      | Noticed Sigmund
   869 | D:2      | Killed Sigmund
   870 | D:2      | Reached skill level 1 in Short Blades
   870 | D:2      | Reached skill level 1 in Long Blades
   870 | D:2      | Reached skill level 1 in Axes
   870 | D:2      | Reached skill level 1 in Maces & Flails
   870 | D:2      | Reached skill level 1 in Polearms
   870 | D:2      | Reached skill level 1 in Staves
   870 | D:2      | Reached skill level 1 in Slings
   870 | D:2      | Reached skill level 1 in Crossbows
   870 | D:2      | Reached skill level 1 in Armour
   870 | D:2      | Reached skill level 1 in Dodging
   870 | D:2      | Reached skill level 1 in Stealth
   870 | D:2      | Reached skill level 1 in Shields
   870 | D:2      | Reached skill level 1 in Unarmed Combat
   870 | D:2      | Reached skill level 1 in Conjurations
   870 | D:2      | Reached skill level 1 in Hexes
   870 | D:2      | Reached skill level 1 in Summonings
   870 | D:2      | Reached skill level 1 in Necromancy
   870 | D:2      | Reached skill level 1 in Translocations
   870 | D:2      | Reached skill level 1 in Transmutations
   870 | D:2      | Reached skill level 1 in Fire Magic
   870 | D:2      | Reached skill level 1 in Air Magic
   870 | D:2      | Reached skill level 1 in Earth Magic
   870 | D:2      | Reached skill level 1 in Poison Magic
   870 | D:2      | Reached skill level 1 in Invocations
   870 | D:2      | Reached skill level 1 in Evocations
   870 | D:2      | Reached XP level 4. HP: 27/38 MP: 1/8
   870 | D:2      | Reached XP level 5. HP: 31/43 MP: 1/9
  1437 | D:3      | Found a sacrificial altar of Ru.
  1516 | D:3      | Reached XP level 6. HP: 28/50 MP: 9/11
  1718 | D:3      | Found a faded altar of an unknown god.
  1732 | D:3      | Prayed at the altar of an unknown god.
  1732 | D:3      | Became a worshipper of Dithmenos the Shadowed
  1732 | D:3      | Reached * piety under Dithmenos
  2183 | D:4      | Reached skill level 5 in Fighting
  2183 | D:4      | Reached skill level 5 in Throwing
  2298 | D:1      | Bought a masterwork helmet for 190 gold pieces
  2298 | D:1      | Identified the +2 helmet of Nemelex Xobeh, Growing {rC+}
                  | (You bought it in a shop on level 1 of the Dungeon)
  2976 | D:5      | Entered Level 5 of the Dungeon
  3204 | D:4      | Reached ** piety under Dithmenos
  3323 | D:5      | You fall into a shaft and drop 3 floors!
  3338 | D:8      | Noticed a two-headed ogre
  3356 | D:8      | Noticed a black bear
  3395 | D:8      | Reached XP level 7. HP: 26/56 MP: 9/12
  3399 | D:8      | Slain by a killer bee

Illustrated notes

Levels and vault maps discovered:
D:1:      minmay_arrival_radiant_lines, layout_rooms, serial_shops,
          nicolae_shop_advertising_works [nicolae_subvault_shop_adworks]
D:2:      layout_basic, kennysheep_crisscross, uniq_sigmund
D:3:      layout_rooms, nicolae_ru_path_of_blood,
          shapermc_ecumenical_altar_mp_highgroup
D:4:      layout_basic, hex_tiny, chequers_hall_statues_corner_a,
          chequers_avenue, bh_walls_and_bars
D:5:      layout_gridville, grunt_tough_drop
D:8:      layout_gridville, nicolae_overflow_hallway_of_the_gods,
          david_lair_generic, nicolae_looking_at_the_future, uniq_maurice

Skill      XL: |  1  2  3  4  5  6 |
---------------+-------------------+-----
Ice Magic      | 2 |  2.8
Short Blades   | 1 2 |  2.2
Long Blades    | 1 2 |  2.2
Axes           | 1 2 |  2.2
Maces & Flails | 1 2 |  2.2
Polearms       | 1 2 |  2.2
Staves         | 1 2 |  2.2
Slings         | 1 2 |  2.2
Crossbows      | 1 2 |  2.2
Armour         | 1 2 |  2.2
Dodging        | 1 2 |  2.2
Stealth        | 1 2 |  2.2
Shields        | 1 2 |  2.2
Unarmed Combat | 1 2 |  2.2
Spellcasting   | 3 |  3.6
Conjurations   | 1 |  1.8
Hexes          | 1 |  1.8
Summonings     | 1 |  1.8
Necromancy     | 1 |  1.8
Translocations | 1 |  1.8
Transmutations | 1 |  1.8
Fire Magic     | 1 |  1.8
Air Magic      | 1 |  1.8
Earth Magic    | 1 |  1.8
Poison Magic   | 1 |  1.8
Invocations    | 1 2 |  2.5
Evocations     | 1 2 |  2.2
Fighting       | 5 |  5.1
Throwing       | 5 |  5.1
Bows           | |  8.8

Action                   |  1- 3 |  4- 6 |  7- 9 || total
-------------------------+-------+-------+-------++-------
Melee: Whip              |       |    26 |       ||    26
       Bite              |       |     3 |       ||     3
 Fire: Shortbow          |    69 |    90 |       ||   159
Throw: Dart              |     1 |     1 |       ||     2
 Cast: Freeze            |     9 |    28 |     3 ||    40
  Use: Scroll            |       |     3 |       ||     3
       Potion            |       |       |     2 ||     2
Armor: Leather armour    |     7 |    27 |     1 ||    35
Dodge: Dodged            |    20 |    74 |     6 ||   100

Table legend: (Time is in decaauts)
 A = Elapsed time spent in this place.
 B = Non-inter-level travel time spent in this place.
 C = Inter-level travel time spent in this place.
 D = Time resting spent in this place.
 E = Time spent auto-exploring this place.
 F = Levels seen in this place.
 G = Mean time per level.
                   A        B        C        D        E       F      G
               +--------+--------+--------+--------+--------+-----+--------+
         Total |   3416 |   3110 |    306 |    240 |   2343 |   6 |  569.3 |
       Dungeon |   3416 |   3110 |    306 |    240 |   2343 |   6 |  569.3 |
               +--------+--------+--------+--------+--------+-----+--------+

Top non-repeatable levels by time:
     D:4: 1144 daAuts
     D:2: 952 daAuts
     D:3: 636 daAuts
     D:1: 550 daAuts
     D:8: 75 daAuts
     D:5: 56 daAuts
